 Dungeon Sprint DCSS version 0.18.1-48-g4cf74bf (webtiles) character file.

9100000 Joat the Axe Maniac (level 27, -1/249 HPs)
             Began as a Demonspawn Air Elementalist on Sept 7, 2016.
             Was the Champion of Makhleb.
             Killed themself with a badly aimed orb of electricity (21 damage)
             ... in the Dungeon (Sprint VIII: "Arena of Blood").
             The game lasted 00:06:20 (91 turns).

Joat the Axe Maniac (Demonspawn Air Elementalist)     Turns: 91, Time: 00:06:21

Health: -1/249     AC:  4    Str: 17    XL:     27
Magic:  40/54      EV: 34    Int: 20    God:    Makhleb [******]
Gold:   0          SH:  0    Dex: 15    Spells: 1 memorised, 79 levels left

rFire  . . .     SeeInvis .     j - +∞ Axe of Woe
rCold  . . .     Gourm    .     a - +0 robe
rNeg   . . .     Faith    .     (shield currently unavailable)
rPois  .         Spirit   .     (no helmet)
rElec  .         Dismiss  .     (no cloak)
rCorr  .         Reflect  .     (gloves unavailable)
SustAt .         Harm     .     (no boots)
MR     ++...     NoTele   +     (no amulet)
Stlth  +++++++++.               n - +200 ring of slaying
                                k - +30 ring of slaying

@: repel missiles, drained, very resistant to hostile enchantments, incredibly
stealthy
A: claws 3, repulsion field 3, foul stench 2, spiny 3, augmentation 3, rot
immunity
a: Minor Destruction, Lesser Servant of Makhleb, Major Destruction, Greater
Servant of Makhleb, Renounce Religion


You were in the Dungeon.
You worshipped Makhleb.
Makhleb was exalted by your worship.
You were not hungry.

You visited 1 branch

Inventory:

Hand Weapons
 j - the +∞ Axe of Woe (weapon)
   (You found it in the Dungeon)
 l - a +9 battleaxe
Armour
 a - a +0 robe (worn)
Jewellery
 k - a +30 ring of slaying (left claw)
 m - a +30 ring of slaying
 n - a +200 ring of slaying (right claw)
Scrolls
 i - a scroll of blinking
Potions
 d - a potion of curing
 e - a potion of heal wounds
 f - a potion of haste
 g - 2 potions of magic
 h - a potion of berserk rage
Books
 b - a book of Air

   Spells                             Type                      Level
   a - Shock                          Conjuration/Air              1
   b - Swiftness                      Charms/Air                   2
   c - Repel Missiles                 Charms/Air                   2
   d - Static Discharge               Conjuration/Air              3
   e - Lightning Bolt                 Conjuration/Air              5
Comestibles
 c - a bread ration


   Skills:
 O Level 27(25.5) Fighting
 O Level 27(25.5) Axes
 O Level 27(25.5) Throwing
 O Level 27(25.5) Armour
 O Level 27(25.5) Dodging
 O Level 27(25.5) Stealth
 O Level 27(25.5) Unarmed Combat
 O Level 27(25.5) Spellcasting
 O Level 27(25.5) Conjurations
 O Level 27(25.5) Air Magic
 O Level 27(25.5) Invocations


You had 79 spell levels left.
You knew the following spells:

 Your Spells              Type           Power        Failure   Level  Hunger
a - Shock                 Conj/Air       ####         0%          1    None


Dungeon Overview and Level Annotations

Branches:
Dungeon (1/1)

Altars:
Makhleb


Innate Abilities, Weirdness & Mutations

You have claws for hands.
You are surrounded by a strong repulsion field (EV +4, rMsl).
You frequently emit foul miasma when damaged in melee.
You are completely covered in sharp spines.
Your magical and physical power is greatly enhanced at high health.
You are immune to rotting.


Message History

Deactivating autopickup; reactivate with Ctrl-A.
The bolt of negative energy hits you!
You feel drained.
* * * LOW HITPOINT WARNING * * *
You hear a shout! x4
The accursed points at you and mumbles some strange words.
Something smites you!
* * * LOW HITPOINT WARNING * * *
You hear a shout! x4
Unknown command.
Press: ? - help, Shift-Dir - straight line, f - dread
Aim: a dread The orb of electricity explodes!
The orb of electricity engulfs the dread.
The dread is lightly damaged.
The orb of electricity engulfs the small abomination.
The small abomination is heavily damaged.
The orb of electricity engulfs the dread.
The dread is lightly damaged.
The orb of electricity engulfs you!
You die...

.....O....o##.....#...
.#........#o.....#....
.%z.......#.))###....#
##.#.......z.)...o.#..
........O...o.........
....#...M.####........
.........)x#W.Wo...##
.......)W)....####
...=...)))@####
############


You could see an accursed, 3 dreads, a meat berserker (berserk), a small
abomination and 2 bags of meat.

Vanquished Creatures
  4 hell beasts (D)
  A wraith (D)
  7 vampire knights (D)
  17 ogres (D)
  3 liches (D)
  35 orcs (D)
  4 hill giants (D)
  4 skeletal warriors (D)
  2 large abominations (D)
  5 small abominations (D)
  2 crawling corpses (D)
84 creatures vanquished.

Vanquished Creatures (others)
  3 crawling corpses (D)
3 creatures vanquished.

Grand Total: 87 creatures vanquished

Notes
Turn   | Place    | Note
--------------------------------------------------------------
     0 | D        | Joat the Demonspawn Air Elementalist began the quest for the Orb.
     0 | D        | Reached XP level 1. HP: 13/13 MP: 3/3
     3 | D        | Noticed a bag of meat
     3 | D        | Noticed a bag of meat
     3 | D        | Noticed a bag of meat
     3 | D        | Noticed a meat berserker
     4 | D        | Noticed a bag of meat
     4 | D        | Became a worshipper of Makhleb the Destroyer
     6 | D        | Noticed a bag of meat
     6 | D        | Noticed a bag of meat
     8 | D        | Killed a meat berserker
     8 | D        | Reached skill level 27 in Axes
     8 | D        | Reached skill level 5 in Fighting
     8 | D        | Gained mutation: You are surrounded by a mild repulsion field (EV +2). [demonic ancestry]
     8 | D        | Reached XP level 2. HP: 28/28 MP: 5/5
     8 | D        | Gained mutation: You have sharp fingernails. [demonic ancestry]
     8 | D        | Reached XP level 3. HP: 34/34 MP: 6/6
     8 | D        | Gained mutation: You have very sharp fingernails. [demonic ancestry]
     8 | D        | Reached XP level 4. HP: 40/40 MP: 7/7
     8 | D        | Reached XP level 5. HP: 46/46 MP: 8/8
     8 | D        | Reached XP level 6. HP: 52/52 MP: 9/9
     8 | D        | Gained mutation: You are partially covered in sharp spines. [demonic ancestry]
     8 | D        | Reached XP level 7. HP: 57/57 MP: 10/10
     8 | D        | Reached XP level 8. HP: 64/64 MP: 11/11
     8 | D        | Reached XP level 9. HP: 69/69 MP: 12/12
     8 | D        | Gained mutation: You are immune to rotting. [demonic ancestry]
     8 | D        | Reached XP level 10. HP: 76/76 MP: 13/13
     8 | D        | Gained mutation: You have claws for hands. [demonic ancestry]
     8 | D        | Reached XP level 11. HP: 81/81 MP: 14/14
     8 | D        | Gained mutation: You are surrounded by a moderate repulsion field (EV +3). [demonic ancestry]
     8 | D        | Reached XP level 12. HP: 87/87 MP: 15/15
     8 | D        | Reached XP level 13. HP: 93/93 MP: 16/16
     8 | D        | Killed a bag of meat
     8 | D        | Reached * piety under Makhleb
     9 | D        | Noticed a bag of meat
     9 | D        | Noticed a meat berserker
     9 | D        | Noticed a meat berserker
     9 | D        | Noticed a meat berserker
    11 | D        | Killed a bag of meat
    11 | D        | Gained mutation: Your magical and physical power is slightly enhanced at high health. [demonic ancestry]
    11 | D        | Reached XP level 14. HP: 130/130 MP: 17/17
    12 | D        | Noticed a bag of meat
    12 | D        | Noticed a meat berserker
    12 | D        | Killed a bag of meat
    12 | D        | Reached ** piety under Makhleb
    12 | D        | Killed a bag of meat
    12 | D        | Reached XP level 15. HP: 143/143 MP: 18/18
    13 | D        | Noticed a meat berserker
    13 | D        | Killed a meat berserker
    13 | D        | Reached *** piety under Makhleb
    13 | D        | Gained mutation: You are surrounded by a strong repulsion field (EV +4, rMsl). [demonic ancestry]
    13 | D        | Reached XP level 16. HP: 159/159 MP: 19/19
    14 | D        | Killed a meat berserker
    14 | D        | Reached **** piety under Makhleb
    14 | D        | Reached XP level 17. HP: 173/173 MP: 20/20
    14 | D        | Killed a meat berserker
    14 | D        | Reached skill level 27 in Fighting
    15 | D        | Noticed a large bag of meat
    16 | D        | Noticed a meat berserker
    16 | D        | Noticed a meat berserker
    16 | D        | Killed a meat berserker
    16 | D        | Reached XP level 18. HP: 182/182 MP: 21/21
    16 | D        | Reached ***** piety under Makhleb
    18 | D        | Reached skill level 27 in Armour
    18 | D        | Reached skill level 27 in Dodging
    18 | D        | Reached skill level 5 in Spellcasting
    18 | D        | Reached skill level 5 in Conjurations
    18 | D        | Reached skill level 5 in Air Magic
    18 | D        | Gained mutation: You may emit foul miasma when damaged in melee. [demonic ancestry]
    18 | D        | Reached XP level 19. HP: 189/189 MP: 21/32
    20 | D        | Killed a meat berserker
    20 | D        | Reached ****** piety under Makhleb
    20 | D        | Killed a meat berserker
    20 | D        | Reached skill level 15 in Conjurations
    20 | D        | Reached skill level 15 in Air Magic
    20 | D        | Gained mutation: You frequently emit foul miasma when damaged in melee. [demonic ancestry]
    20 | D        | Reached XP level 20. HP: 197/197 MP: 21/38
    21 | D        | Killed a meat berserker
    21 | D        | Reached skill level 27 in Invocations
    23 | D        | Reached skill level 27 in Stealth
    23 | D        | Reached XP level 21. HP: 204/204 MP: 22/44
    24 | D        | Noticed a destroyer
    26 | D        | Gained mutation: Your magical and physical power is enhanced at high health. [demonic ancestry]
    26 | D        | Reached XP level 22. HP: 212/212 MP: 22/51
    27 | D        | Killed a destroyer
    27 | D        | Reached skill level 27 in Spellcasting
    27 | D        | Reached skill level 27 in Conjurations
    27 | D        | Reached skill level 27 in Air Magic
    29 | D        | Noticed a destroyer
    30 | D        | Reached skill level 15 in Throwing
    30 | D        | Reached skill level 15 in Unarmed Combat
    30 | D        | Reached XP level 23. HP: 219/219 MP: 23/54
    33 | D        | Killed a destroyer
    34 | D        | Reached skill level 27 in Throwing
    34 | D        | Reached skill level 27 in Unarmed Combat
    35 | D        | Noticed a destroyer
    36 | D        | Gained mutation: You are mostly covered in sharp spines. [demonic ancestry]
    36 | D        | Reached XP level 24. HP: 227/227 MP: 25/54
    47 | D        | Killed a destroyer
    47 | D        | Gained mutation: You are completely covered in sharp spines. [demonic ancestry]
    47 | D        | Reached XP level 25. HP: 234/234 MP: 28/54
    49 | D        | Noticed a tyrant
    49 | D        | Noticed a destroyer
    51 | D        | Noticed a destroyer
    54 | D        | Noticed a tyrant
    55 | D        | Killed a tyrant
    57 | D        | Noticed a tyrant
    57 | D        | Killed a destroyer
    57 | D        | Reached XP level 26. HP: 242/242 MP: 31/54
    61 | D        | Killed a destroyer
    63 | D        | Noticed a destroyer
    63 | D        | Noticed a meat beast
    67 | D        | Killed a tyrant
    68 | D        | Killed a tyrant
    68 | D        | Gained mutation: Your magical and physical power is greatly enhanced at high health. [demonic ancestry]
    68 | D        | Reached XP level 27. HP: 249/249 MP: 34/54
    69 | D        | Noticed a meat beast
    70 | D        | Killed a meat beast
    70 | D        | Killed a meat beast
    71 | D        | Killed a destroyer
    72 | D        | Noticed an accursed
    72 | D        | Noticed a dread
    72 | D        | Noticed a dread
    77 | D        | Noticed a destroyer
    82 | D        | Killed a destroyer
    84 | D        | Noticed a meat beast
    85 | D        | Killed a dread
    85 | D        | Killed a meat beast
    86 | D        | Noticed a meat beast
    86 | D        | Noticed a dread
    87 | D        | Noticed a dread
    89 | D        | Killed a meat beast
    91 | D        | Killed themself with a badly aimed orb of electricity

Skill      XL: |  1  2  3  4  5  6  7  8  9 10 11 12 13 14 15 16 17 18 19 20 21 22 23 |
---------------+----------------------------------------------------------------------+-----
Axes           | 27 | 27.0
Fighting       | 5 18 20 23 26 27 | 27.0
Armour         | 8 13 18 21 25 27 | 27.0
Dodging        | 8 13 18 21 25 27 | 27.0
Stealth        | 13 21 27 | 27.0
Spellcasting   | 9 14 19 25 27 | 27.0
Conjurations   | 9 16 20 26 27 | 27.0
Air Magic      | 9 15 19 25 27 | 27.0
Invocations    | 16 26 27 | 27.0
Throwing       | 19 27 | 27.0
Unarmed Combat | 19 27 | 27.0

Action                   |  1- 3 |  4- 6 |  7- 9 | 10-12 | 13-15 | 16-18 | 19-21 | 22-24 | 25-27 || total
-------------------------+-------+-------+-------+-------+-------+-------+-------+-------+-------++-------
Melee: Executioner's axe |     1 |       |       |       |     3 |     3 |     5 |    10 |    26 ||    48
Dodge: Dodged            |       |       |       |       |       |     1 |     1 |       |     6 ||     8
